Map: Deathaura LE

Players

PtitDrogo - Winner!

  • Race: Protoss Protoss
  • League: Master
  • Spawn Location: 5:00

AGOElazer (Elazer)

  • Race: Zerg Zerg
  • League: Master
  • Spawn Location: 11:00

Event: StayAtHomestory Cup #2

VOD

Have the link to the VOD?

Description

Time

  • Played on: June 11, 2020, 11:36 a.m.
  • Length: 15:25

All games in this series

Show
View Real Time Build Order
Export as new Build Order

PtitDrogo Protoss - Winner!

Build Orders: 1 Gate Expand, Archon Immortal, Mass Adepts 

Get SALT Encoding   

  12  0:00  Probe  
  13  0:13  Pylon  
  13  0:17  Probe  
  14  0:26  Probe  
  14  0:34  Probe  
  15  0:35  Gateway  
  16  0:44  Probe  
  16  0:48  Assimilator  
  17  0:56  Probe  
  18  1:08  Probe  
  19  1:20  Probe  
  20  1:25  Nexus  
  20  1:34  Cybernetics Core  
  20  1:37  Probe  
  21  1:43  Assimilator  
  21  1:49  Probe  
  21  1:52  Pylon  
  22  2:01  Adept, Probe  
  23  2:13  Probe  
  26  2:17  Warp Gate  
  26  2:21  Adept  
  26  2:24  Twilight Council  
  26  2:26  Probe  
  27  2:34  Probe  
  29  2:38  Probe  
  29  2:42  Probe  
  31  2:50  Probe  
  33  2:52  Probe  
  33  2:54  Robotics Facility  
  33  2:57  Stalker  
  36  3:08  Resonating Glaives  
  36  3:11  Gateway  
  36  3:16  Gateway  
  36  3:18  Gateway  
  36  3:33  Warp Prism  
  36  3:44  Probe  
  36  3:45  Probe  
  36  3:46  Pylon  
  38  3:51  Pylon  
  38  3:57  Probe x2  
  40  4:06  Adept x2  
  40  4:09  Probe  
  45  4:11  Adept  
  45  4:12  Adept  
  49  4:17  Probe  
  49  4:19  Observer  
  49  4:21  Probe  
  49  4:22  Assimilator  
  49  4:24  Assimilator, Pylon  
  52  4:32  Adept x3  
  52  4:33  Adept  
  52  4:36  Probe  
  61  4:39  Probe  
  62  4:52  Pylon  
  62  4:54  Adept x4  
  70  5:01  Pylon  
  70  5:10  Probe x2  
  72  5:23  Adept x4  
  72  5:26  Probe  
  79  5:33  Probe  
  74  5:38  Probe  
  75  5:45  Probe  
  75  5:47  Adept x4  
  84  6:03  Probe  
  75  6:08  Probe  
  75  6:10  Nexus  
  72  6:11  Immortal  
  72  6:12  Pylon  
  72  6:15  Probe  
  61  6:21  Probe  
  66  6:27  Probe  
  66  6:28  Forge  
  66  6:31  Protoss Ground Weapons Level 1  
  63  6:33  Probe  
  63  6:36  Adept x2  
  63  6:37  Sentry x2  
  68  6:40  Gateway, Templar Archives  
  68  6:43  Gateway  
  68  6:48  Probe x2  
  68  6:50  Immortal  
  70  7:00  Probe  
  75  7:03  Probe  
  76  7:09  Charge  
  76  7:10  Adept  
  76  7:12  Adept, Probe  
  80  7:15  Probe  
  80  7:19  Probe  
  80  7:21  High Templar x2  
  83  7:24  Probe  
  83  7:25  Archon  
  83  7:27  Probe  
  86  7:31  Immortal  
  86  7:32  Pylon  
  86  7:33  Probe  
  86  7:36  Probe  
  92  7:39  Probe  
  92  7:41  Assimilator  
  92  7:43  Assimilator  
  93  7:45  Probe  
  93  7:50  Probe  
  95  7:51  High Templar  
  95  7:52  High Templar  
  99  7:59  Probe x2  
  99  8:02  Gateway  
  99  8:04  Gateway  
  101  8:08  Archon, Gateway x2, Pylon  
  101  8:09  High Templar, Pylon  
  101  8:10  Protoss Ground Weapons Level 2, High Templar, Zealot  
  107  8:14  Archon  
  107  8:20  Photon Cannon  
  107  8:22  Pylon x2  
  107  8:32  Gateway  
  107  8:35  Nexus  
  107  8:37  Pylon  
  107  8:38  High Templar x2  
  111  8:42  Archon  
  111  8:55  Zealot x4  
  111  8:59  Immortal  
  111  9:01  Probe x2  
  125  9:10  Probe  
  125  9:13  Probe  
  125  9:15  Assimilator  
  125  9:17  Assimilator  
  127  9:31  Gateway  
  127  9:32  Gateway  
  127  9:34  Gateway  
  127  9:35  Photon Cannon  
  127  9:38  Probe  
  120  9:47  High Templar x6, Zealot x3  
  120  9:50  Blink  
  138  9:55  Archon x3  
  138  9:56  Pylon  
  138  9:57  Probe x2  
  138  9:58  Warp Prism  
  140  10:10  High Templar x2  
  140  10:11  Stalker  
  140  10:12  Pylon  
  142  10:14  Pylon  
  142  10:27  High Templar x2  
  142  10:28  Zealot x5  
  156  10:31  Pylon  
  156  10:32  Archon x2, Pylon x2  
  156  10:33  Pylon  
  156  10:39  Stalker  
  156  10:40  Stalker x2  
  154  10:53  Stalker x6  
  152  11:04  Protoss Ground Weapons Level 3  
  152  11:06  Zealot x6  
  111  11:18  Zealot  
  111  11:19  Zealot x4  
  111  11:23  Zealot  
  111  11:30  Zealot x3  
  104  11:35  Probe  
  104  11:36  Zealot  
  104  11:37  Zealot  
  110  11:45  Sentry  
  111  11:50  High Templar x3  
  117  11:55  Archon  
  117  11:57  High Templar x3  
  123  12:02  Probe  
  123  12:04  Archon, Probe  
  123  12:05  Archon  
  123  12:07  Assimilator  
  123  12:08  Probe x2  
  126  12:11  Probe  
  126  12:12  Probe  
  128  12:20  Probe  
  128  12:21  Observer, High Templar x3  
  128  12:22  High Templar  
  138  12:23  Zealot  
  138  12:24  Zealot x2  
  138  12:26  Archon x2  
  145  12:31  Probe  
  145  12:32  Probe  
  143  12:56  Immortal  
  147  13:02  High Templar x3  
  147  13:03  High Templar, Zealot  
  147  13:04  Zealot x3  
  163  13:07  Archon x2  
  163  13:11  Probe x2  
  165  13:19  Probe  
  166  13:21  Nexus  
  166  13:22  Pylon  
  166  13:26  Pylon  
  166  13:27  Pylon  
  166  13:30  Pylon  
  166  13:44  High Templar x5, Zealot x3  
  166  13:45  Zealot x4  
  182  13:49  Archon x2  
  182  13:51  Nexus  
  170  14:05  Zealot x7  
  183  14:16  High Templar  
  185  14:17  Stalker  
  185  14:18  Zealot  
  185  14:19  Stalker  
  191  14:28  Nexus  
  191  14:33  Archon  
  191  14:36  Photon Cannon x2  
  191  14:37  High Templar x4, Shield Battery  
  199  14:41  Archon  
  199  14:42  Archon  
  199  14:49  Zealot x3  
  196  14:59  Stalker x4  
  160  15:02  Stalker  
  126  15:18  High Templar x5  
  126  15:19  High Templar x2  
  129  15:22  Archon  
  129  15:23  Archon x2  
Show
View Real Time Build Order
Export as new Build Order

AGOElazer Zerg 

Build Orders: Hatch First 

Get SALT Encoding   

  12  0:00  Drone  
  13  0:12  Overlord  
  13  0:16  Drone  
  14  0:30  Drone x2  
  16  0:51  Drone, Hatchery  
  16  0:54  Drone  
  17  0:57  Drone  
  18  1:08  Extractor  
  17  1:13  Spawning Pool  
  17  1:17  Drone  
  17  1:20  Drone  
  18  1:29  Drone  
  19  1:38  Drone  
  20  1:49  Overlord  
  20  1:59  Queen  
  22  2:04  Queen, Zergling x4  
  26  2:13  Drone  
  26  2:14  Drone  
  28  2:19  Metabolic Boost  
  28  2:21  Drone  
  29  2:25  Drone  
  30  2:36  Drone  
  31  2:37  Drone  
  31  2:41  Hatchery  
  32  2:44  Zergling x2  
  32  2:50  Queen  
  33  2:55  Overlord  
  33  3:00  Drone x2  
  35  3:10  Drone  
  35  3:12  Overlord  
  35  3:14  Drone x3  
  35  3:18  Drone  
  39  3:20  Drone  
  40  3:27  Queen  
  42  3:34  Drone x2  
  42  3:40  Drone  
  44  3:44  Drone x4  
  48  3:48  Spore Crawler  
  48  3:52  Overlord  
  47  3:56  Drone x2  
  47  3:58  Drone x2  
  47  3:59  Roach Warren  
  47  4:01  Drone  
  51  4:04  Queen  
  51  4:08  Overlord  
  53  4:11  Zergling x4  
  53  4:14  Zergling x2  
  56  4:19  Zergling x8  
  56  4:23  Zergling x2  
  61  4:25  Zergling x2  
  61  4:26  Zergling x2  
  62  4:32  Zergling x8  
  62  4:34  Spore Crawler  
  62  4:37  Spore Crawler  
  65  4:38  Zergling x2  
  65  4:45  Roach x4  
  73  4:46  Overlord  
  73  4:51  Overlord  
  73  5:02  Overlord  
  73  5:04  Roach  
  73  5:05  Roach x3  
  81  5:13  Roach x5  
  87  5:17  Overlord  
  87  5:19  Roach x2  
  87  5:39  Overlord  
  87  5:40  Drone x9  
  96  5:46  Drone  
  96  5:48  Lair  
  97  5:55  Overlord  
  97  5:56  Drone x4  
  101  6:02  Drone x3  
  98  6:06  Drone  
  87  6:13  Zergling x2  
  87  6:14  Zergling x10  
  88  6:20  Zergling x6  
  87  6:27  Zergling x6  
  87  6:32  Overlord  
  88  6:33  Drone x2  
  88  6:38  Drone x6  
  93  6:41  Pneumatized Carapace  
  93  6:43  Drone x2  
  93  6:44  Drone  
  96  6:52  Drone x5  
  96  6:53  Extractor x2  
  99  6:54  Extractor  
  99  6:58  Drone  
  99  7:05  Drone x3  
  99  7:07  Drone x2  
  99  7:08  Drone  
  105  7:09  Drone  
  105  7:10  Drone  
  105  7:13  Hatchery  
  105  7:15  Drone  
  107  7:16  Drone x3  
  109  7:24  Extractor  
  109  7:25  Baneling Nest  
  109  7:26  Evolution Chamber  
  109  7:27  Overlord  
  109  7:29  Overlord  
  106  7:33  Drone x3  
  106  7:35  Extractor  
  108  7:41  Overlord  
  108  7:47  Drone  
  108  7:48  Drone  
  108  7:50  Overlord  
  108  7:52  Zergling x14  
  108  7:53  Zergling x4  
  117  8:03  Overlord  
  117  8:04  Spire  
  117  8:05  Glial Reconstitution, Zerg Melee Weapons Level 1  
  116  8:09  Ravager  
  116  8:10  Ravager  
  116  8:11  Zergling x12, Ravager  
  125  8:19  Centrifical Hooks  
  125  8:23  Overlord  
  125  8:25  Drone x3  
  128  8:30  Roach x7  
  142  8:36  Drone x4  
  142  8:39  Drone  
  147  8:42  Drone x2  
  147  8:45  Zergling x4  
  151  8:49  Zergling x10  
  156  9:00  Zergling x14  
  162  9:05  Zergling x2  
  162  9:06  Zergling x6  
  162  9:09  Baneling x12  
  163  9:11  Zergling x10  
  163  9:13  Baneling x13  
  163  9:14  Baneling x2  
  168  9:20  Corruptor  
  168  9:22  Overlord x2  
  168  9:23  Zergling x4  
  172  9:24  Zergling x2  
  172  9:25  Zergling x2  
  172  9:26  Zergling x2  
  172  9:27  Zergling x2  
  175  9:36  Zergling x6  
  173  9:42  Overlord  
  169  9:46  Infestation Pit  
  169  9:48  Corruptor x2  
  169  9:50  Zergling x12  
  169  9:51  Zergling x12  
  184  9:54  Overlord  
  184  9:59  Drone  
  182  10:03  Roach x2  
  182  10:04  Ravager x4  
  182  10:07  Ravager  
  191  10:09  Zergling x4  
  193  10:15  Extractor  
  193  10:16  Extractor  
  193  10:19  Overlord  
  193  10:20  Zergling x6  
  193  10:24  Zerg Melee Weapons Level 2  
  193  10:25  Hive  
  189  10:29  Zergling x20  
  199  10:39  Overseer  
  198  10:49  Zergling x18  
  194  10:51  Baneling x13  
  194  10:52  Baneling x4  
  194  10:57  Baneling x4  
  175  11:05  Zergling x30  
  167  11:13  Zergling x6  
  167  11:18  Zergling x2  
  148  11:23  Roach x8  
  145  11:27  Roach  
  145  11:28  Roach  
  138  11:35  Zergling x10  
  138  11:38  Baneling x10  
  143  11:46  Baneling  
  142  11:48  Baneling x12  
  142  11:50  Ravager  
  143  11:54  Zergling x12  
  143  11:59  Drone x3  
  143  12:00  Drone  
  151  12:07  Drone x4  
  154  12:24  Queen  
  154  12:27  Zergling x14  
  163  12:31  Hatchery  
  162  12:40  Zerg Missile Weapons Level 1  
  162  12:45  Corruptor  
  162  12:46  Corruptor x2  
  162  12:51  Zergling x20  
  173  13:02  Hatchery  
  172  13:11  Greater Spire  
  172  13:12  Adrenal Glands  
  172  13:19  Zergling x14  
  183  13:20  Zergling x8  
  183  13:29  Overlord  
  183  13:30  Overlord  
  171  13:54  Zergling x32  
  185  13:56  Baneling x14  
  185  13:57  Baneling x2  
  183  14:15  Corruptor x4  
  184  14:19  Drone x5  
  184  14:22  Queen  
  190  14:27  Brood Lord x4  
  198  14:42  Zergling x2  
  194  14:58  Zergling x2  
  194  14:59  Zergling x36  
  170  15:05  Zergling x12  
Tags
 
Add a new tag
Caveats
  • Supply blocks, unpowered buildings, or Contaminate may cause inaccurate times.
  • Supply counts are checked every 10 seconds.